AoeStats
← Jazzmushroom

Fortress

508274535Analyzed
4v4 RM · 10d ago on Sep 21, 2026· 50m 19s· 8 players
Game mode
Random Map
Map size
Huge
Population
200
Speed
Normal
Resources
Standard
Victory
Conquest
Starting age
Dark Age
Ending age
Imperial Age
RankedLock teamsTeams togetherTeam positionsShared explorationLock speedFull tech treeHidden civsTurbo modeCheats
Victory
Defeat
🇧🇷 Maya · Brazil
1331
+16
🇨🇳 Jurchens · China
1312
+17
🇵🇱 Britons · Poland
1298
+18
🇵🇱 Malians · Poland
1296
+18
🇹🇷 Dravidians · Türkiye
1357
-18
🇦🇹 Teutons · Austria
1355
-18
🇺🇸 Magyars · United States
1323
-17
🇺🇸 Bengalis · United States
1297
-16
Jazzmushroom
Kryptonknight
Webmaster
9:22 Feudal Age
10:04 Double-Bit Axe
13:08 Castle Age
10:57 Horse Collar
14:38 Bow Saw
15:30 Heavy Plow
17:45 Wheelbarrow
18:18 Gold Mining
18:19 Stone Mining
19:33 Bloodlines
19:48 Loom
20:19 Scale Barding Armor
20:24 Forging
22:58 Chain Barding Armor
27:19 Hand Cart
28:25 Iron Casting
28:15 Town Watch
33:00 Imperial Age
34:20 Conscription
33:24 Man-at-Arms
34:06 Squires
33:52 Gambesons
35:51 Stone Shaft Mining
35:47 Ironclad
35:24 Long Swordsman
36:38 Heavy Scorpion
36:44 Two-Handed Swordsman
37:28 Scale Mail Armor
38:29 Blast Furnace
37:34 Champion
39:02 Champion
39:59 Chain Mail Armor
40:35 Siege Engineers
41:34 Chemistry
40:30 Pikeman
44:24 Crop Rotation
44:41 Cavalier
46:25 Ballistics
45:43 Capped Ram
Dwight
Notevidius
7:17 Feudal Age
9:22 Double-Bit Axe
9:24 Horse Collar
12:14 Castle Age
12:09 Wheelbarrow
13:19 Bow Saw
13:25 Loom
16:01 Wheelbarrow
16:30 Heavy Plow
16:57 Scale Mail Armor
17:12 Forging
21:42 Chain Mail Armor
22:05 Gold Mining
22:07 Stone Mining
29:05 Imperial Age
26:34 Fletching
31:03 Iron Casting
30:24 Bodkin Arrow
31:29 Plate Mail Armor
31:05 Scale Barding Armor
31:26 Conscription
32:28 Husbandry
32:53 Light Cavalry
33:44 Bloodlines
34:37 Chain Barding Armor
34:21 Farimba
36:15 Plate Barding Armor
40:09 Elite Gbeto
41:25 Hoardings
Gitan
7:41 Feudal Age
8:27 Double-Bit Axe
9:55 Gold Mining
10:24 Horse Collar
12:59 Castle Age
14:00 Heavy Plow
14:18 Bow Saw
19:04 Imperial Age
17:14 Fletching
19:35 Gold Shaft Mining
19:32 Bodkin Arrow
22:51 Bracer
24:16 Wheelbarrow
23:59 Pikeman
24:41 Squires
25:26 Scale Mail Armor
25:37 Forging
26:53 Chain Mail Armor
26:51 Halberdier
28:59 Iron Casting
30:43 Conscription
33:43 Chemistry
33:20 Arson
34:44 Hand Cart
36:55 Scale Barding Armor
37:51 Blast Furnace
37:55 Husbandry
37:16 Light Cavalry
38:18 Chain Barding Armor
43:00 Plate Barding Armor
46:10 Capped Ram
MapleStory
J4cK
0:26 Loom
Connection lost

Rejoining the realm…

Still unreachable

The connection could not be restored.

Session expired

The server has moved on; the page needs a fresh start.